 Seeded DCSS version 0.27.1-3-gb3d3a73c9e (webtiles) character file.

Game seed: 7426830541953860902 (custom seed)

284 oldmanjim the Archer (level 6, -1/36 HPs)
             Began as a Gargoyle Arcane Marksman on Oct 5, 2021.
             Slain by a kobold brigand (8 damage)
             ... in a sewer.
             The game lasted 00:25:59 (4288 turns).

oldmanjim the Archer (Gargoyle Arcane Marksman)     Turns: 4288, Time: 00:26:00

Health: -1/36      AC: 10    Str: 15    XL:     6   Next: 29%
Magic:  9/9        EV: 10    Int: 14    God:
Gold:   99         SH:  0    Dex: 10    Spells: 8/9 levels left

rFire    . . .     SeeInvis .   b - +4 dagger
rCold    . . .     Faith    .   (no shield)
rNeg     + . .     Spirit   .   m - +0 ring mail
rPois    ∞         Reflect  .   (no helmet)
rElec    +         Harm     .   h - +0 cloak
rCorr    .         Rampage  .   (no gloves)
Will     .....                  (no boots)
Stlth    +.........             (no amulet)
HPRegen  0.12/turn              (no ring)
MPRegen  0.11/turn              (no ring)

@: very slow
A: sickness immunity, AC +4, negative energy resistance 1, electricity
resistance, torment resistance 1, petrification resistance
a: no special abilities


You were in a sewer.
You visited 1 branch of the dungeon, and saw 3 of its levels.
You also visited: Sewer.

You collected 99 gold pieces.

Inventory:

Hand Weapons
 a - a +0 shortbow
 b - a +4 dagger (weapon)
 p - a +0 dagger
 u - a +2 dagger of venom
Missiles
 c - 14 arrows
 g - 8 boomerangs (quivered)
 k - 4 curare-tipped darts
 t - 3 poisoned darts
Armour
 d - a +0 robe
 h - a +0 cloak (worn)
 l - a +0 leather armour
 m - a +0 ring mail (worn)
 n - a +0 helmet
Jewellery
 e - a ring of fire
Wands
 r - a wand of digging (7)
Scrolls
 s - 2 scrolls of teleportation
Potions
 f - 2 potions of flight
 i - 5 potions of curing
 j - a potion of heal wounds {unknown}
 o - a potion of brilliance {unknown}
 q - a potion of might {unknown}


   Skills:
 + Level 2.9 Fighting
 - Level 9.5 Bows
 - Level 1.5 Dodging
 + Level 2.3 Stealth
 - Level 2.0 Spellcasting
 - Level 2.6 Hexes


You had 8 spell levels left.
You knew the following spells:

 Your Spells              Type           Power      Damage    Failure   Level
a - Corona                Hex            8%         N/A       16%         1

Your spell library contained the following spells:

 Spells                   Type           Power      Damage    Failure   Level
 Slow                     Hex            8%         N/A       24%         2
 Inner Flame              Hex/Fire       5%         N/A       63%         3
 Portal Projectile        Hex/Tloc       10%        N/A       63%         3
 Cause Fear               Hex            4%         N/A       83%         4


Dungeon Overview and Level Annotations

Branches:
Dungeon (3/15)              Sewer (1/1)

Altars:
Nemelex Xobeh
Vehumet
Lugonu

Shops:
D:2 (

Portals:
Abyss: D:1


Innate Abilities, Weirdness & Mutations

You are immune to sickness and miasma.
Your stone body is resilient. (AC +4)
You are immune to poison.
You resist negative energy. (rN+)
You are resistant to electric shocks. (rElec)
You are resistant to unholy torment.
You are immune to petrification.


Message History

The kobold brigand is moderately wounded.
The kobold brigand barely misses you.
The kobold brigand throws a curare-tipped dart.
The curare-tipped dart hits you.
You are too injured to fight recklessly!
You are too injured to fight recklessly!
You are too injured to fight recklessly!
You barely miss the kobold brigand.
The kobold brigand is moderately wounded.
You hit the kobold brigand.
The kobold brigand is moderately wounded.
The kobold brigand hits you but does no damage.
You closely miss the kobold brigand.
The kobold brigand is moderately wounded.
The kobold brigand splashes around in the water.
You closely miss the kobold brigand.
The kobold brigand is moderately wounded.
The kobold brigand hits you but does no damage.
You hit the kobold brigand but do no damage.
The kobold brigand is moderately wounded.
The kobold brigand hits you with a +0 short sword.
* * * LOW HITPOINT WARNING * * *
You hit the kobold brigand.
The kobold brigand is heavily wounded.
The kobold brigand hits you but does no damage.
You closely miss the kobold brigand.
The kobold brigand is heavily wounded.
The kobold brigand misses you.
You hit the kobold brigand but do no damage.
The kobold brigand is heavily wounded.
The kobold brigand barely misses you.
You hit the kobold brigand.
The kobold brigand is heavily wounded.
The kobold brigand hits you with a +0 short sword.
* * * LOW HITPOINT WARNING * * *
You enter the shallow water.
Moving in this stuff is going to be slow.
The kobold brigand hits you but does no damage.
The kobold brigand hits you with a +0 short sword!
You die...

#≈#≈#≈ ≈#
#≈#≈#≈ ≈#
#≈#≈#≈#≈#
#≈≈.#≈≈≈
##≈###†# #.#
#≈# #†###≈#
#≈.K≈≈# ##@.≈##
#.≈.# #.≈.# ≈#
##≈≈.# ≈.#
##≈.≈≈#
≈≈.≈#####≈..≈.#
≈....≈≈≈≈≈...##
#....≈.≈.≈###
#≈≈≈≈≈.≈##


You could see a kobold brigand.

Vanquished Creatures
  A kobold brigand (Sewer)
  Jessica (D:2)
  Robin (D:2)
  5 adders
  A river rat (D:3)
  4 worms (D:2)
  An orc (D:3)
  4 bats
  8 endoplasms
  3 giant cockroaches
  13 goblins
  6 hobgoblins
  10 jackals
  4 kobolds
  A quokka (D:1)
  5 ball pythons
  4 frilled lizards
  14 rats
86 creatures vanquished.

Notes
Turn   | Place    | Note
-------+----------+-------------------------------------------
     0 | D:1      | oldmanjim the Gargoyle Arcane Marksman began the quest for
                  | the Orb.
     0 | D:1      | Reached XP level 1. HP: 12/12 MP: 2/2
    91 | D:1      | Reached XP level 2. HP: 9/16 MP: 3/3
   450 | D:1      | Found a faded altar of an unknown god.
  1131 | D:1      | Reached skill level 9 in Bows
  1131 | D:1      | Reached XP level 3. HP: 20/20 MP: 5/5
  1391 | D:1      | Reached XP level 4. HP: 17/25 MP: 6/6
  1761 | D:1      | Found a one-way gate to the infinite horrors of the Abyss.
  1761 | D:1      | Found a corrupted altar of Lugonu.
  1761 | D:1      | Noticed a demonic crawler
  2016 | D:2      | Noticed Jessica
  2021 | D:2      | Killed Jessica
  2405 | D:2      | Found Nefaothro's Weapon Shop.
  2896 | D:2      | Reached XP level 5. HP: 30/30 MP: 7/7
  3114 | D:2      | Noticed Robin
  3135 | D:2      | Killed Robin
  3136 | D:2      | Reached skill level 1 in Stealth
  3791 | D:3      | Found a radiant altar of Vehumet.
  3962 | D:3      | Found a sparkling altar of Nemelex Xobeh.
  4105 | D:3      | Found a glowing drain.
  4119 | Sewer    | Entered a sewer
  4155 | Sewer    | Noticed a kobold brigand
  4175 | Sewer    | Killed a kobold brigand
  4176 | Sewer    | Reached XP level 6. HP: 28/36 MP: 9/9
  4288 | Sewer    | Slain by a kobold brigand

Illustrated notes

Levels and vault maps discovered:
D:1:      erik_arrival_cave_to_civilisation [erik_arrival_cave_to_temple],
          layout_basic, basic_ecumenical_altar, st_stairs_10
D:2:      layout_loops_ring, serial_shops, shop, grunt_ministairs_10,
          uniq_robin, uniq_jessica
D:3:      layout_basic, overflow_temple_1_default, mainiacjoe_overflow_alcove_1,
          portal_sewer_entry_c, chequers_serial_rivers_micro_a
Sewer:    sewer_co_tree

Skill      XL: |  1  2  3  4  5 |
---------------+----------------+-----
Bows           | 9 |  9.5
Fighting       | 2 |  2.9
Stealth        | 2 |  2.3
Spellcasting   | 2 |  2.0
Dodging        | |  1.5
Hexes          | |  2.6

Action                   |  1- 3 |  4- 6 || total
-------------------------+-------+-------++-------
Melee: Dagger            |    79 |   230 ||   309
 Fire: Shortbow          |    34 |    29 ||    63
Throw: Boomerang         |       |    46 ||    46
  Use: Scroll            |     3 |     3 ||     6
       Potion            |     1 |       ||     1
Armor: Robe              |    25 |    36 ||    61
       Ring mail         |       |    47 ||    47
       Leather armour    |       |     6 ||     6
Dodge: Dodged            |    49 |   128 ||   177
